 Dungeon Crawl Stone Soup version 0.27.1-1-g398f81649c (webtiles) character file.

Game seed: 12656392089507477598

190 wowus the Magician (level 5, -7/29 HPs)
             Began as a Deep Elf Fire Elementalist on Sept 6, 2021.
             Killed by an exploding adder (25 damage)
             ... ignited by their inner flame
             ... on level 3 of the Dungeon on Sept 15, 2021.
             The game lasted 00:23:42 (3955 turns).

wowus the Magician (Deep Elf Fire Elementalist)     Turns: 3955, Time: 00:23:43

Health: -7/29      AC:  3    Str:  5    XL:     5   Next: 41%
Magic:  7/13       EV: 13    Int: 21    God:
Gold:   126        SH:  0    Dex: 15    Spells: 6/13 levels left

rFire    . . .     SeeInvis .   b - +0 dagger (elec)
rCold    . . .     Faith    .   (no shield)
rNeg     . . .     Spirit   .   a - +0 robe
rPois    .         Reflect  .   (no helmet)
rElec    .         Harm     .   (no cloak)
rCorr    .         Rampage  .   f - +0 pair of gloves
Will     .....                  (no boots)
Stlth    ++........             (no amulet)
HPRegen  0.09/turn              d - ring of wizardry
MPRegen  0.13/turn              (no ring)

@: lethally poisoned (-7 -> -9)
A: no striking features
a: no special abilities


You were on level 3 of the Dungeon.
You visited 1 branch of the dungeon, and saw 4 of its levels.

You collected 126 gold pieces.

Inventory:

Hand Weapons
 b - a +0 dagger of electrocution (weapon)
Armour
 a - a +0 robe (worn)
 f - a +0 pair of gloves (worn)
Jewellery
 d - a ring of wizardry (left hand)
Scrolls
 g - 2 scrolls of identify
Potions
 c - a potion of heal wounds
 e - a potion of attraction


   Skills:
 + Level 1.1 Fighting
 + Level 3.1 Dodging
 - Level 2.4 Stealth
 + Level 4.6 Spellcasting
 + Level 3.0 Conjurations
 * Level 0.5 Hexes
 + Level 4.4 Fire Magic


You had 6 spell levels left.
You knew the following spells:

 Your Spells              Type           Power      Damage    Failure   Level
a - Foxfire               Conj/Fire      80%        2x1d8     1%          1
b - Conjure Flame         Conj/Fire      20%        6-21      3%          3
c - Inner Flame           Hex/Fire       15%        N/A       4%          3

Your spell library contained the following spells:

 Spells                   Type           Power      Damage    Failure   Level
 Dazzling Flash           Conj/Hex       24%        N/A       6%          3
 Corpse Rot               Necr/Air       N/A        N/A       7%          2
 Poisonous Vapours        Pois/Air       8%         N/A       7%          2
 Sticky Flame             Conj/Fire      20%        2d4       10%         4
 Gell's Gravitas          Tloc           2%         N/A       14%         3
 Lesser Beckoning         Tloc           2%         N/A       14%         3
 Teleport Other           Tloc           4%         N/A       14%         3
 Fireball                 Conj/Fire      10%        3d6       26%         5
 Freezing Cloud           Conj/Ice/Air   4%         6-21      61%         5
 Silence                  Hex/Air        3%         N/A       69%         5
 Agony                    Necr           4%         N/A       75%         5


Dungeon Overview and Level Annotations

Branches:
Dungeon (4/15)
 Temple: D:4-7

Altars:
Gozag
Hepliaklqana
Ru

Shops:
D:2 :


Message History

The adder misses you. The orc priest hits you with a +0 club.
The adder bites you but does no damage. The orc closely misses you.
You climb upwards.
There is a stone staircase leading down here.
Casting: Foxfire (safe; 1% risk of failure)
Confirm with . or Enter, or press ? or * to list all spells.
The spell is quite dangerous to cast (4% risk of failure)!
Continue anyway?
Aiming: Inner Flame (quite dangerous; 4% risk of failure)
Press: ? - help, Shift-Dir - straight line, f - adder
Aim: an adder (chance to affect: 77%)
The adder barely resists.
The adder barely misses you. The orc completely misses you.
Casting: Inner Flame (quite dangerous; 4% risk of failure)
Confirm with . or Enter, or press ? or * to list all spells.
The spell is quite dangerous to cast (4% risk of failure)!
Continue anyway?
Aiming: Inner Flame (quite dangerous; 4% risk of failure)
Press: ? - help, Shift-Dir - straight line, f/p - adder
Aim: an adder (chance to affect: 77%)
The adder is filled with an inner flame.
The adder bites you but does no damage. The orc barely misses you.
You barely miss the adder. The adder bites you.
You are poisoned.
The adder poisons you!
The orc priest invokes the aid of Beogh against you.
Beogh smites you!
* * * LOW HITPOINT WARNING * * *
The orc barely misses you. The adder closely misses you.
You feel much better.
You feel sick. The adder bites you. The orc hits you with a +0 short sword.
You closely miss the adder.
You feel sick. The adder misses you. The orc hits you with a +0 short sword.
You hit the adder but do no damage. Lightning courses through the adder!
Flame seeps out of the adder.
The adder is almost dead.
You feel sick.
The adder is engulfed in blazing flames.
The adder explodes!
The fiery explosion engulfs you!!
Ouch! That really hurt!
You die...

#..#.#...# #.#
#..#.#.#.# #.#
#######...#....###.#
#........###.......#
#.#######.#..#.....##
#.# #......##.#.#.## #.#
#......###.###..
#.#####§..>..# ##.#.##
#..oo@○......###......
#..####§...).##....###
#..# ###..#.....### #
#..# #..#.....##### #..#
#............. #..#
#..#...).##.##
###..######..#..#..##...
#.......................
#....######..#.##.......


You could see an orc priest and an orc.

Vanquished Creatures
  A centaur zombie (D:3)
  2 orc wizards (D:3)
  Terence (D:3)
  2 adders
  A gnoll (D:3)
  2 dart slugs (D:3)
  A worm (D:3)
  7 orcs
  4 ball pythons
  An endoplasm (D:2)
  4 goblins
  3 hobgoblins
  13 jackals
  5 bats
  2 frilled lizards
  2 kobolds (D:2)
  A rat (D:2)
52 creatures vanquished.

Vanquished Creatures (others)
  166 foxfires
  2 plants (D:3)
168 creatures vanquished.

Grand Total: 220 creatures vanquished

Notes
Turn   | Place    | Note
-------+----------+-------------------------------------------
     0 | D:1      | wowus the Deep Elf Fire Elementalist began the quest for
                  | the Orb.
     0 | D:1      | Reached XP level 1. HP: 10/10 MP: 6/6
    41 | D:1      | Found a faded altar of an unknown god.
   535 | D:2      | Found Emuxteib's Book Shop.
   586 | D:2      | Reached XP level 2. HP: 15/15 MP: 4/8
   874 | D:2      | You fall into a shaft and drop 2 floors!
   904 | D:3      | Reached XP level 3. HP: 3/20 MP: 6/10
   908 | D:3      | Learned a level 3 spell: Conjure Flame
   912 | D:3      | Learned a level 3 spell: Inner Flame
  1730 | D:2      | Reached XP level 4. HP: 24/24 MP: 6/11
  2153 | D:2      | Found a sacrificial altar of Ru.
  2602 | D:3      | Noticed Terence
  2619 | D:3      | Killed Terence
  2846 | D:3      | Reached skill level 1 in Fighting
  3126 | D:3      | Found a hazy altar of Hepliaklqana.
  3187 | D:3      | Reached XP level 5. HP: 29/29 MP: 7/13
  3525 | D:3      | Found an opulent altar of Gozag.
  3955 | D:3      | Killed by an exploding adder... ignited by their inner
                  | flame

Illustrated notes

Levels and vault maps discovered:
D:1:      dpeg_arrival_renting, layout_rooms, chequers_ecumenical_altar_simple
D:2:      minmay_skewed_foursquare, layout_basic, basic_altar, serial_shops,
          nicolae_square_shop
D:3:      layout_loops_ring, mainiacjoe_overflow_alcove_4,
          nicolae_hepliaklqana_hazy_memory, moated_statue,
          kennysheep_generic_room_8, uniq_terence
D:4:      wad_pebble_path, layout_gridville, mainiacjoe_overflow_cross_hatched,
          minmay_temple_entry_statues_fountains, enter_ossuary_1,
          minmay_misc_feat_tower, uniq_duvessa

Skill      XL: |  1  2  3  4  5 |
---------------+----------------+-----
Conjurations   | 2 3 |  3.0
Fire Magic     | 4 |  4.4
Dodging        | 3 |  3.1
Spellcasting   | 4 |  4.6
Fighting       | 1 |  1.1
Stealth        | |  2.4
Hexes          | |  0.5

Action                   |  1- 3 |  4- 6 || total
-------------------------+-------+-------++-------
Melee: Dagger            |       |     3 ||     3
 Cast: Foxfire           |    43 |    53 ||    96
       Conjure Flame     |     2 |    10 ||    12
       Inner Flame       |       |     2 ||     2
  Use: Scroll            |       |     5 ||     5
       Potion            |       |     1 ||     1
Armor: Robe              |     6 |     6 ||    12
Dodge: Dodged            |    18 |    23 ||    41
